SR
NEWCASTLE MERMEN @ MOOSE JAW CANUCKS
08/30/2033
 
TOP OF THE 1ST
Newcastle Mermen batting - Pitching for Moose Jaw Canucks : LHP Leevi Kangro
Pitching: LHP Leevi Kangro
Batting: RHB Roberto Díaz 0-0: Fly out, F5 (Line Drive, 56)
Batting: RHB John Batman 0-0: Ball
1-0: Called Strike
1-1: SINGLE (Line Drive, 56D)
Batting: RHB Sergio Aguero 0-0: Fly out, F7 (Flyball, 7S)
Batting: RHB Seung-hwan Pak 0-0: Swinging Strike
0-1: Ball
1-1: Called Strike
1-2: Strikes out looking
Top of the 1st over - 0 runs, 1 hit, 0 errors, 1 left on base; Newcastle 0 - Moose Jaw 0
BOTTOM OF THE 1ST
Moose Jaw Canucks batting - Pitching for Newcastle Mermen : RHP Wilson Valenzuela
Pitching: RHP Wilson Valenzuela
Batting: RHB António Valentín 0-0: Ball
1-0: Called Strike
1-1: Called Strike
1-2: Ball
2-2: Strikes out swinging
Batting: RHB An-te-hai Qing 0-0: Ball
1-0: Ball
2-0: Called Strike
2-1: Foul Ball, location: 2F
2-2: Ball
3-2: Fly out, F8 (Flyball, 8LS)
Batting: RHB Peer Kattenberg 0-0: Ball
1-0: Ball
2-0: Called Strike
2-1: Fly out, F7 (Line Drive, 7)
Bottom of the 1st over - 0 runs, 0 hits, 0 errors, 0 left on base; Newcastle 0 - Moose Jaw 0
TOP OF THE 2ND
Newcastle Mermen batting - Pitching for Moose Jaw Canucks : LHP Leevi Kangro
Batting: RHB Jasa Anastasijevic 0-0: Called Strike
0-1: Swinging Strike
0-2: Foul Ball, location: 2F
0-2: Ball
1-2: Ground out 5-3 (Groundball, 56S)
Batting: SHB José García 0-0: Foul Ball, location: 2F
0-1: Swinging Strike
0-2: Ball
1-2: Ball
2-2: Strikes out swinging
Batting: RHB Katsuyuki Nakamura 0-0: Swinging Strike
0-1: Called Strike
0-2: SINGLE (Groundball, 4MD)
Batting: RHB Garm van Opdorp 0-0: Ball
1-0: Foul Ball, location: 2F
1-1: Ground out 5-3 (Groundball, 56S)
Top of the 2nd over - 0 runs, 1 hit, 0 errors, 1 left on base; Newcastle 0 - Moose Jaw 0
BOTTOM OF THE 2ND
Moose Jaw Canucks batting - Pitching for Newcastle Mermen : RHP Wilson Valenzuela
Batting: RHB Qi-chao Di 0-0: Ball
1-0: Swinging Strike
1-1: Ball
2-1: Swinging Strike
2-2: Strikes out swinging
Batting: RHB Yaakov Shmerkin 0-0: Called Strike
0-1: Fly out, F9 (Flyball, 9)
Batting: RHB Tim O'Brian 0-0: Fly out, F7 (Flyball, 7LD)
Bottom of the 2nd over - 0 runs, 0 hits, 0 errors, 0 left on base; Newcastle 0 - Moose Jaw 0
TOP OF THE 3RD
Newcastle Mermen batting - Pitching for Moose Jaw Canucks : LHP Leevi Kangro
Batting: LHB Carlos Guzmán 0-0: Ball
1-0: Ground out 1-3 (Groundball, 13)
Batting: RHB Roberto Díaz 0-0: Fly out, F7 (Flyball, 7)
Batting: RHB John Batman 0-0: Swinging Strike
0-1: Ball
1-1: Called Strike
1-2: Foul Ball, location: 2F
1-2: Ball
2-2: SINGLE (Groundball, 56D)
Batting: RHB Sergio Aguero 0-0: Called Strike
0-1: Ground out 4-3 (Groundball, 4)
Top of the 3rd over - 0 runs, 1 hit, 0 errors, 1 left on base; Newcastle 0 - Moose Jaw 0
BOTTOM OF THE 3RD
Moose Jaw Canucks batting - Pitching for Newcastle Mermen : RHP Wilson Valenzuela
Batting: RHB Gary Bruce 0-0: Ball
1-0: Called Strike
1-1: SINGLE (Line Drive, 6M)
Batting: RHB Bernardo Rodríguez 0-0: Ball
1-0: Grounds into double play, 6-4-3 (Groundball, 6)
Batting: LHB Bryan Decker 0-0: Called Strike
0-1: Foul Ball, location: 2F
0-2: Ball
1-2: SINGLE (Line Drive, 56D)
Batting: RHB António Valentín 0-0: Ball
Wild Pitch!
Bryan Decker to second
1-0: Called Strike
1-1: Foul Ball, location: 2F
1-2: Foul Ball, location: 2F
1-2: Ball
2-2: Foul Ball, location: 2F
2-2: Ground out 5-3 (Groundball, 56S)
Bottom of the 3rd over - 0 runs, 2 hits, 0 errors, 1 left on base; Newcastle 0 - Moose Jaw 0
TOP OF THE 4TH
Newcastle Mermen batting - Pitching for Moose Jaw Canucks : LHP Leevi Kangro
Batting: RHB Seung-hwan Pak 0-0: Swinging Strike
0-1: Foul Ball, location: 2F
0-2: Fly out, F5 (Line Drive, 56S)
Batting: RHB Jasa Anastasijevic 0-0: Hit by Pitch
Batting: SHB José García 0-0: Ball
1-0: Ball
2-0: Ball
3-0: Base on Balls
Jasa Anastasijevic to second
Batting: RHB Katsuyuki Nakamura 0-0: Ball
1-0: Called Strike
1-1: SINGLE (Groundball, 4MD)
Jasa Anastasijevic to third
José García to second
Batting: RHB Garm van Opdorp 0-0: Called Strike
0-1: Ball
1-1: Fly out, F7 (Flyball, 7LSF)
Runner from 3rd tags up, SCORES, no throw
Batting: LHB Carlos Guzmán 0-0: Called Strike
0-1: Fly out, F5 (Popup, 25F)
Top of the 4th over - 1 run, 1 hit, 0 errors, 2 left on base; Newcastle 1 - Moose Jaw 0
BOTTOM OF THE 4TH
Moose Jaw Canucks batting - Pitching for Newcastle Mermen : RHP Wilson Valenzuela
Batting: RHB An-te-hai Qing 0-0: Ball
1-0: SINGLE (Groundball, 6D)
Batting: RHB Peer Kattenberg 0-0: Foul Ball, location: 2F
0-1: Called Strike
0-2: Ball
1-2: Foul Ball, location: 2F
1-2: Hit by Pitch
An-te-hai Qing to second
Batting: RHB Qi-chao Di 0-0: Fly out, F7 (Flyball, 7LSF)
Batting: RHB Yaakov Shmerkin 0-0: Called Strike
0-1: Foul Ball, location: 2F
0-2: Foul Ball, location: 2F
0-2: Strikes out swinging
Batting: RHB Tim O'Brian 0-0: Ground out 6-3 (Groundball, 6S)
Bottom of the 4th over - 0 runs, 1 hit, 0 errors, 2 left on base; Newcastle 1 - Moose Jaw 0
TOP OF THE 5TH
Newcastle Mermen batting - Pitching for Moose Jaw Canucks : LHP Leevi Kangro
Batting: RHB Roberto Díaz 0-0: Ball
1-0: SINGLE (Line Drive, 78M)
Batting: RHB John Batman 0-0: Called Strike
0-1: Ball
1-1: Ball
2-1: Foul Ball, location: 2F
2-2: Grounds into double play, 6-4-3 (Groundball, 6)
Batting: RHB Sergio Aguero 0-0: Ball
1-0: Ball
2-0: SINGLE (Groundball, 4MD)
Batting: RHB Seung-hwan Pak 0-0: Swinging Strike
0-1: Ball
1-1: Fielders Choice at 2nd, U6 (Groundball, 6M)
Top of the 5th over - 0 runs, 2 hits, 0 errors, 1 left on base; Newcastle 1 - Moose Jaw 0
BOTTOM OF THE 5TH
Moose Jaw Canucks batting - Pitching for Newcastle Mermen : RHP Wilson Valenzuela
Batting: RHB Gary Bruce 0-0: Ball
1-0: Foul Ball, location: 2F
1-1: Swinging Strike
1-2: Ground out 5-3 (Groundball, 56)
Batting: RHB Bernardo Rodríguez 0-0: Foul Ball, location: 2F
0-1: Ball
1-1: Ball
2-1: Called Strike
2-2: Foul Ball, location: 2F
2-2: Ball
3-2: Strikes out swinging, 2-3 out at first.
Batting: LHB Bryan Decker 0-0: Foul Ball, location: 2F
0-1: Foul Ball, location: 2F
0-2: Foul Ball, location: 2F
0-2: Ball
1-2: Strikes out swinging
Bottom of the 5th over - 0 runs, 0 hits, 0 errors, 0 left on base; Newcastle 1 - Moose Jaw 0
TOP OF THE 6TH
Newcastle Mermen batting - Pitching for Moose Jaw Canucks : LHP Leevi Kangro
Batting: RHB Jasa Anastasijevic 0-0: Called Strike
0-1: Foul Ball, location: 2F
0-2: SINGLE (Groundball, 56S) (infield hit)
Batting: SHB José García 0-0: Bunted foul
0-1: Bunted foul
0-2: Ball
1-2: Grounds into double play, 4-6-3 (Groundball, 4)
Batting: RHB Katsuyuki Nakamura 0-0: Called Strike
0-1: Foul Ball, location: 2F
0-2: Ball
1-2: Foul Ball, location: 2F
1-2: Ball
2-2: SINGLE (Line Drive, 6D)
Batting: RHB Garm van Opdorp 0-0: SINGLE (Line Drive, 78M)
Katsuyuki Nakamura to second
Batting: LHB Carlos Guzmán 0-0: Called Strike
0-1: Foul Ball, location: 2F
0-2: Ball
1-2: Ball
2-2: Foul Ball, location: 2F
2-2: Strikes out swinging
Top of the 6th over - 0 runs, 3 hits, 0 errors, 2 left on base; Newcastle 1 - Moose Jaw 0
BOTTOM OF THE 6TH
Moose Jaw Canucks batting - Pitching for Newcastle Mermen : RHP Wilson Valenzuela
Batting: RHB António Valentín 0-0: Called Strike
0-1: Foul Ball, location: 2F
0-2: Foul Ball, location: 2F
0-2: Fly out, F7 (Flyball, 7LSF)
Batting: RHB An-te-hai Qing 0-0: Ball
1-0: Swinging Strike
1-1: Ball
2-1: Foul Ball, location: 2F
2-2: Ground out 6-3 (Groundball, 6)
Batting: RHB Peer Kattenberg 0-0: Foul Ball, location: 2F
0-1: Ball
1-1: Foul Ball, location: 2F
1-2: Foul Ball, location: 2F
1-2: SINGLE (Flyball, 8RS)
Batting: RHB Qi-chao Di 0-0: Ball
1-0: SINGLE (Groundball, 56S) (infield hit)
Peer Kattenberg to second
Batting: RHB Yaakov Shmerkin 0-0: Ball
1-0: Called Strike
1-1: Swinging Strike
1-2: Ball
2-2: DOUBLE (Flyball, 9LD)
Peer Kattenberg scores
Qi-chao Di to third
Runner from 3rd tries for Home, SAFE, no throw
Batting: RHB Tim O'Brian 0-0: Ground out 5-3 (Groundball, 56)
Bottom of the 6th over - 2 runs, 3 hits, 0 errors, 1 left on base; Newcastle 1 - Moose Jaw 2
TOP OF THE 7TH
Newcastle Mermen batting - Pitching for Moose Jaw Canucks : LHP Leevi Kangro
Batting: RHB Roberto Díaz 0-0: Called Strike
0-1: Ball
1-1: Swinging Strike
1-2: Fly out, F7 (Flyball, 78S)
Batting: RHB John Batman 0-0: Foul Ball, location: 2F
0-1: Fly out, F8 (Flyball, 8RM)
Batting: RHB Sergio Aguero 0-0: Foul Ball, location: 2F
0-1: Swinging Strike
0-2: Ball
1-2: Foul Ball, location: 2F
1-2: Foul Ball, location: 2F
1-2: Fly out, F8 (Flyball, 8RM)
Top of the 7th over - 0 runs, 0 hits, 0 errors, 0 left on base; Newcastle 1 - Moose Jaw 2
BOTTOM OF THE 7TH
Moose Jaw Canucks batting - Pitching for Newcastle Mermen : RHP Wilson Valenzuela
Batting: RHB Gary Bruce 0-0: Called Strike
0-1: Foul Ball, location: 2F
0-2: Strikes out swinging
Batting: RHB Bernardo Rodríguez 0-0: Called Strike
0-1: Ball
1-1: Called Strike
1-2: Ground out 5-3 (Groundball, 56)
Batting: LHB Bryan Decker 0-0: Fly out, F9 (Flyball, 89M)
Bottom of the 7th over - 0 runs, 0 hits, 0 errors, 0 left on base; Newcastle 1 - Moose Jaw 2
TOP OF THE 8TH
Newcastle Mermen batting - Pitching for Moose Jaw Canucks : LHP Leevi Kangro
Now at 1B: Cord Hosenbeck
Batting: RHB Seung-hwan Pak 0-0: Ball
1-0: Swinging Strike
1-1: Ball
2-1: Ball
3-1: Foul Ball, location: 2F
3-2: Foul Ball, location: 2F
3-2: Strikes out swinging
Batting: RHB Jasa Anastasijevic 0-0: Ball
1-0: Ball
2-0: Foul Ball, location: 2F
2-1: Ball
3-1: Base on Balls
Batting: SHB José García 0-0: Foul Ball, location: 2F
0-1: Ball
1-1: Ball
2-1: Ball
3-1: Called Strike
3-2: Base on Balls
Jasa Anastasijevic to second
Pitching: RHP Seppe Coussement
Batting: RHB Katsuyuki Nakamura 0-0: Bunted foul
0-1: Bunted foul
0-2: Strikes out swinging
Batting: RHB Garm van Opdorp 0-0: Ground out 4-3 (Groundball, 4M)
Top of the 8th over - 0 runs, 0 hits, 0 errors, 2 left on base; Newcastle 1 - Moose Jaw 2
BOTTOM OF THE 8TH
Moose Jaw Canucks batting - Pitching for Newcastle Mermen : RHP Wilson Valenzuela
Batting: RHB António Valentín 0-0: Ball
1-0: Called Strike
1-1: Fly out, F3 (Line Drive, 34)
Batting: RHB An-te-hai Qing 0-0: Ball
1-0: Swinging Strike
1-1: Called Strike
1-2: DOUBLE (Flyball, 78D)
Pitching: LHP Doug Lane
Pinch Runner at 2nd John Castro:
Batting: RHB Peer Kattenberg 0-0: Ball
1-0: Ball
2-0: Called Strike
2-1: Foul Ball, location: 2F
2-2: Ball
3-2: Foul Ball, location: 2F
3-2: Fly out, F8 (Flyball, 89M)
Batting: RHB Qi-chao Di 0-0: Foul Ball, location: 2F
0-1: Ball
1-1: Foul Ball, location: 2F
1-2: Ground out 5-3 (Groundball, 56S)
Bottom of the 8th over - 0 runs, 1 hit, 0 errors, 1 left on base; Newcastle 1 - Moose Jaw 2
TOP OF THE 9TH
Newcastle Mermen batting - Pitching for Moose Jaw Canucks : RHP Seppe Coussement
Pitching: RHP Steve de Regt
Now at 2B: John Castro
Batting: LHB Carlos Guzmán 0-0: Called Strike
0-1: Ball
1-1: Ball
2-1: Ground out 6-3 (Groundball, 6)
Pinch Hitting: RHB Tom Matthews 0-0: Ball
1-0: Swinging Strike
1-1: Called Strike
1-2: Foul Ball, location: 2F
1-2: Ball
2-2: Foul Ball, location: 2F
2-2: Strikes out looking
Batting: RHB John Batman 0-0: Called Strike
0-1: Ball
1-1: Ball
2-1: Swinging Strike
2-2: Ball
3-2: Strikes out swinging
Top of the 9th over - 0 runs, 0 hits, 0 errors, 0 left on base; Newcastle 1 - Moose Jaw 2
Saturday, December 22nd, 2018 - OOTP Baseball 18.8 Build 76